 Dungeon Crawl Stone Soup version 0.31-a0-986-g5e6e4ef867 (webtiles) character file.

Game seed: 16396260876682851666

324 Crabhammer the Insei (level 6, -8/37 (38) HPs)
             Began as an Octopode Shapeshifter on Nov 23, 2023.
             Killed from afar by a kobold brigand (19 damage)
             ... with a bolt of acid
             ... on level 3 of the Dungeon.
             The game lasted 00:10:00 (2586 turns).

Crabhammer the Insei (Octopode Shapeshifter)        Turns: 2586, Time: 00:10:01

HP:   -8/37 (38)    AC: -7    Str: 13    XL:     6   Next: 48%
MP:   6/6           EV: 13    Int: 13    God:
Gold: 71            SH:  0    Dex: 13    Spells: 5/5 levels left

rFire   . .          .
                       - Unarmed
rCold   . . .        (no shield)
rNeg    + . .        (helmet currently unavailable)
rPois   .            (no amulet)
rElec   .            e - ring of positive energy
rCorr   .            (no ring)
SInv    .            (no ring)
Will    .....        (no ring)
Stlth   ++++         (no ring)
HPRegen 0.26/turn    (no ring)
MPRegen 0.10/turn    (no ring)
                     (no ring)

%: no passive effects
@: beast-form, corroded, lightly drained
A: beast (slay +2), almost no armour, amphibious, 8 rings, camouflage 1,
gelatinous body 1, nimble swimmer 1, tentacles
a: Begin Untransformation


You were on level 3 of the Dungeon.
You were a hulking beast.
You visited 1 branch of the dungeon, and saw 3 of its levels.

You collected 71 gold pieces.

Inventory:

Missiles
 f - 14 poisoned darts
 i - 4 boomerangs (quivered)
 j - 26 stones
 l - 4 silver javelins
Jewellery
 e - a ring of positive energy (left tentacle)
Talismans
 b - a beast talisman
 c - a flux talisman
Scrolls
 h - a scroll of noise {unknown}
 m - a scroll of vulnerability {unknown}
 n - a scroll of poison {unknown}
Potions
 a - 2 potions of lignification
 d - a potion of haste
 g - a potion of might {unknown}
 k - a potion of ambrosia {unknown}
 o - a potion of brilliance {unknown}
 p - a potion of invisibility {unknown}


   Skills:
 - Level 1.0 Fighting
 - Level 2.0 Dodging
 - Level 0.8 Stealth
 + Level 6.5 Unarmed Combat
 + Level 3.7 Shapeshifting


You had 5 spell levels left.
You didn't know any spells.
Your spell library contained the following spells:

 Spells                   Type           Power      Damage    Failure   Level
 Lesser Beckoning         Tloc           0%         N/A       43%         2
 Gell's Gravitas          Tloc           0%         N/A       67%         3
 Ozocubu's Armour         Ice            0%         N/A       67%         3
 Teleport Other           Tloc           0%         N/A       67%         3
 Ozocubu's Refrigeration  Ice            0%         4d7       100%        7


Dungeon Overview and Level Annotations

Branches:
Dungeon (3/15)

Altars:

Annotations:
D:2 1 runed translucent door, Crazy Yiuf
D:3 1 runed translucent door


Innate Abilities, Weirdness & Mutations

You are a hulking beast.
Your limbs bulge with bestial killing power. (Slay +2)
You cannot wear most types of armour.
You are amphibious.
You can wear up to eight rings at the same time.
Your skin changes colour to match your surroundings (Stealth+).
Your rubbery body absorbs attacks. (AC +1, EV +1)
You are camouflaged when in or above water. (Stealth+)
You have tentacles for arms and can constrict up to eight enemies at once.


Message History

Here: a kobold brigand, wielding a +0 club, quivering poisoned darts and carrying a wand of acid (wandering, hasn't noticed you, fire blocked by a translucent rock wall)
The floor.
f - 14 poisoned darts (gained 5)
Items here: ))))))) ††††.
Okay, then.
Things that are here:
a +0 dagger; a kobold corpse The kobold brigand zaps a wand.
The bolt of acid misses you.
Things that are here:
a +0 dagger; a kobold corpse You enter the shallow water.
Items here: ))))))) ††††.
The kobold brigand zaps a wand.
The bolt of acid misses you.
A kobold comes into view. It is wielding a +0 club.
The kobold brigand zaps a wand.
The bolt of acid hits you! The acid corrodes you!
You closely miss the kobold brigand. You grab the kobold brigand.
You constrict the kobold brigand, but do no damage.
The kobold brigand hits you with a +0 club.
The kobold shouts!
You tentacle-slap the kobold brigand. x2
The kobold brigand is moderately wounded.
You constrict the kobold brigand.
The kobold brigand zaps a wand.
The bolt of acid hits you!
* * * LOW HITPOINT WARNING * * *
The acid corrodes you!
You tentacle-slap the kobold brigand but do no damage.
You squeeze the kobold brigand, but do no damage.
The kobold brigand is moderately wounded.
You constrict the kobold brigand, but do no damage.
The kobold brigand splashes around in the water.
You tentacle-slap the kobold brigand. You squeeze the kobold brigand.
The kobold brigand is severely wounded.
You constrict the kobold brigand.
You tentacle-slap the kobold brigand but do no damage.
The kobold brigand is severely wounded.
You constrict the kobold brigand.
The kobold brigand zaps a wand.
The bolt of acid hits you!!
Ouch! That really hurt!
You die...

#~# #~## #~~# ## ##~~##..#
#~)~≈#..# #.# #~~≈≈#K.# ####
#.# #~~~≈#..# ..# #.# ##~~##..#
##+## ###.###.# #~h#.K####...##
# .....##.# ####K#..###.....##
+ #.###..##.#
#...)#..##.......#..
...)......###....#..#.........#
...........[.#......'...).....+
.....†<####.###..####.........#
#.####.# #.## ##.# ##.......##
#. #.##.# ##.# ##<....## #.
..### ## ##...##


You could see a kobold brigand.

Vanquished Creatures
  A black bear (D:2)
  A kobold brigand (D:3)
  Jessica (D:2)
  3 gnolls (D:2)
  4 adders (D:2)
  2 worms (D:2)
  4 dart slugs
  4 ball pythons (D:1)
  5 endoplasms
  4 giant cockroaches
  4 goblins
  8 hobgoblins
  4 jackals (D:1)
  2 quokkas
  2 bats (D:1)
  6 frilled lizards
  9 kobolds
  3 rats
67 creatures vanquished.

Notes
Turn   | Place    | Note
-------+----------+-------------------------------------------
     0 | D:1      | Crabhammer the Octopode Shapeshifter began the quest for
                  | the Orb.
     0 | D:1      | Reached XP level 1. HP: 13/13 MP: 1/1
   102 | D:1      | Reached XP level 2. HP: 18/18 MP: 2/2
   618 | D:1      | Reached XP level 3. HP: 23/23 MP: 3/3
   913 | D:1      | Reached skill level 4 in Unarmed Combat
  1172 | D:2      | Noticed Jessica
  1185 | D:2      | Killed Jessica
  1186 | D:2      | Reached XP level 4. HP: 24/28 MP: 4/4
  1403 | D:2      | Reached skill level 5 in Unarmed Combat
  1722 | D:2      | Reached XP level 5. HP: 25/33 MP: 5/5
  1952 | D:2      | Noticed a black bear
  2006 | D:2      | Killed a black bear
  2007 | D:2      | Reached skill level 6 in Unarmed Combat
  2007 | D:2      | Reached XP level 6. HP: 33/38 MP: 6/6
  2348 | D:2      | Found a runed translucent door.
  2349 | D:2      | Noticed Crazy Yiuf
  2383 | D:3      | Found a runed translucent door.
  2586 | D:3      | Killed from afar by a kobold brigand

Illustrated notes

Levels and vault maps discovered:
D:1:      saegor_arrival_miasma, layout_basic
D:2:      minmay_inner_zag, layout_basic, uniq_crazy_yiuf_cottage, uniq_jessica
D:3:      cheibrodos_thug_alley, layout_loops_corners, ebering_ghost_sewer_f

Skill      XL: |  1  2  3  4  5 |
---------------+----------------+-----
Unarmed Combat | 4 5 6 |  6.5
Fighting       | |  1.0
Dodging        | |  2.0
Stealth        | |  0.8
Shapeshifting  | |  3.7

Action                     |  1- 3 |  4- 6 || total
---------------------------+-------+-------++-------
  Melee: Unarmed           |    51 |    65 ||   116
         Constrict         |    10 |    19 ||    29
         Tentacles         |     7 |    14 ||    21
         Punch             |       |     1 ||     1
  Throw: Boomerang         |    11 |    16 ||    27
         Stone             |       |     3 ||     3
         Dart              |       |     6 ||     6
    Use: Scroll            |     1 |       ||     1
   Stab: Sleeping          |     6 |     3 ||     9
 Armour: Skin              |    14 |    30 ||    44
  Dodge: Dodged            |    24 |    11 ||    35

Table legend: (Time is in decaauts)
 A = Elapsed time spent in this place.
 B = Non-inter-level travel time spent in this place.
 C = Inter-level travel time spent in this place.
 D = Time resting spent in this place.
 E = Time spent auto-exploring this place.
 F = Levels seen in this place.
 G = Mean time per level.
                   A        B        C        D        E       F      G
               +--------+--------+--------+--------+--------+-----+--------+
         Total |   2585 |   2497 |     88 |    541 |   1283 |   3 |  861.7 |
       Dungeon |   2585 |   2497 |     88 |    541 |   1283 |   3 |  861.7 |
               +--------+--------+--------+--------+--------+-----+--------+

Top non-repeatable levels by time:
     D:2: 1377 daAuts
     D:1: 1052 daAuts
     D:3: 155 daAuts
